Map: Acid Plant LE

Players

ShaDoWn - Winner!

  • Race: Protoss Protoss
  • Spawn Location: 11:00

Buster

  • Race: Terran Terran
  • Spawn Location: 5:00

Event: WCS Montreal 2018

VOD

Have the link to the VOD?

Description

Time

  • Played on: Sept. 7, 2018, 12:29 p.m.
  • Length: 6:11

All games in this series

Show
View Real Time Build Order
Export as new Build Order

ShaDoWn Protoss - Winner!

Build Orders: Oracle Opening, Phoenix Opening 

Get SALT Encoding   

  12  0:00  Probe  
  13  0:13  Probe  
  14  0:17  Pylon  
  14  0:24  Probe  
  15  0:32  Probe  
  15  0:38  Gateway  
  15  0:40  Probe  
  16  0:47  Assimilator  
  17  0:51  Probe  
  18  1:03  Probe  
  19  1:04  Assimilator  
  19  1:15  Pylon, Probe  
  20  1:25  Cybernetics Core  
  20  1:28  Probe  
  20  1:31  Zealot  
  23  1:40  Probe  
  24  1:52  Probe  
  24  1:53  Adept  
  25  2:01  Stargate  
  25  2:04  Probe  
  28  2:30  Nexus  
  28  2:37  Pylon, Oracle  
  31  2:55  Probe  
  31  2:57  Warp Gate  
  31  3:07  Probe  
  32  3:13  Oracle  
  32  3:17  Shield Battery  
  32  3:19  Probe  
  36  3:31  Probe  
  37  3:42  Phoenix, Probe  
  37  3:43  Probe  
  39  3:50  Stalker  
  39  3:54  Probe  
  44  3:56  Probe  
  45  4:07  Probe  
  43  4:14  Probe  
  44  4:19  Gateway, Probe, Oracle  
  44  4:20  Gateway  
  44  4:21  Gateway  
  45  4:26  Probe  
  49  4:31  Probe  
  49  4:35  Pylon  
  50  4:38  Probe  
  50  4:43  Probe  
  52  4:48  Pylon  
  52  4:51  Probe  
  53  4:55  Probe  
  54  5:00  Stalker  
  54  5:01  Pylon  
  54  5:03  Probe  
  57  5:08  Probe  
  57  5:16  Stalker  
  57  5:17  Probe  
  57  5:18  Stalker x2  
  65  5:21  Pylon  
  65  5:23  Stalker  
  65  5:25  Probe  
  67  5:33  Probe  
  68  5:39  Stalker  
  68  5:40  Stalker  
  68  5:41  Stalker  
  74  5:44  Stalker  
  73  5:52  Probe  
  74  5:59  Probe  
  75  6:09  Stalker x4  
Show
View Real Time Build Order
Export as new Build Order

Buster Terran 

Build Orders: Banshee Rush 

Get SALT Encoding   

  12  0:01  SCV  
  13  0:13  Supply Depot  
  13  0:19  SCV  
  14  0:31  SCV  
  15  0:41  Barracks  
  15  0:45  Refinery  
  15  0:48  SCV  
  16  0:54  Refinery  
  16  1:00  SCV  
  17  1:12  SCV  
  18  1:29  Reaper, Orbital Command  
  19  1:43  Factory  
  19  1:49  Supply Depot  
  19  1:55  SCV  
  20  2:01  Reaper  
  20  2:07  SCV  
  22  2:19  SCV  
  23  2:27  Hellion  
  24  2:31  SCV  
  24  2:33  Starport  
  24  2:35  Supply Depot  
  24  2:38  Reaper  
  24  2:43  SCV  
  26  2:49  Hellion  
  28  2:55  SCV  
  29  3:10  Hellion  
  29  3:11  Starport Tech Lab  
  31  3:19  Command Center  
  31  3:27  SCV  
  31  3:32  Cyclone  
  33  3:37  Cloaking Field  
  33  3:47  Banshee  
  35  3:49  SCV  
  35  3:53  Supply Depot  
  36  4:02  SCV  
  37  4:03  Barracks  
  31  4:14  SCV  
  31  4:15  Cyclone  
  35  4:20  Barracks Reactor  
  35  4:27  SCV  
  36  4:32  Barracks  
  36  4:40  Banshee, SCV  
  40  4:48  Widow Mine  
  40  4:52  SCV, Barracks Tech Lab  
  43  4:55  Orbital Command  
  43  5:01  Marine x2  
  43  5:04  SCV  
  46  5:10  Factory Tech Lab, Refinery  
  46  5:16  SCV  
  46  5:21  SCV  
  48  5:23  Marine  
  48  5:24  Engineering Bay  
  48  5:27  Marine  
  51  5:28  SCV  
  51  5:29  Marine  
  51  5:31  Marine  
  53  5:36  SCV  
  56  5:43  SCV  
  55  5:55  SCV  
Tags
 
Add a new tag
Caveats
  • Supply blocks, unpowered buildings, or Contaminate may cause inaccurate times.
  • Supply counts are checked every 10 seconds.